 Dungeon Crawl Stone Soup version 0.16-a0-4092-gb8933cd (webtiles) character file.

51 dysrexia the Scratcher (level 3, -7/17 HPs)
             Began as a Felid Chaos Knight on Feb 24, 2015.
             Mangled by Menkaure (19 damage)
             ... on level 4 of the Dungeon.
             The game lasted 00:10:57 (2614 turns).

dysrexia the Scratcher (Felid Chaos Knight)         Turns: 2614, Time: 00:10:57

Health: -7/17      AC:  1    Str:  8    XL:     3   Next: 57%
Magic:  4/4        EV: 18    Int: 13    God:    Xom [..*...]
Gold:   169        SH:  0    Dex: 16    Spells: 0 memorised, 2 levels left
                                        Lives:  0   Deaths: 1

rFire  . . .     SeeInvis +       - Unarmed
rCold  . . .     Clarity  +     (armour unavailable)
rNeg   . . .     SustAb   .     (shield unavailable)
rPois  .         Gourm    .     (helmet unavailable)
rElec  .         Spirit   .     (cloak unavailable)
rCorr  +         Warding  .     (gloves unavailable)
rMut   .         Stasis   .     (boots unavailable)
MR     .....                    f - amulet of resist corrosion
Stlth  +++.......               (no ring)
                                d - ring of invisibility

@: quick, not resistant to hostile enchantments, fairly stealthy
A: paw claws, no armour, no weapons or thrown items, fangs 3, see invisible,
carnivore 3, clarity, speed 1, low mp 1, shaggy fur 1, slow metabolism 1, sharp
paws
a: Renounce Religion, Evoke Invisibility


You were on level 4 of the Dungeon.
You worshipped Xom.
You were a toy of Xom.
You were not hungry.

You visited 1 branch of the dungeon, and saw 4 of its levels.

You collected 169 gold pieces.

Inventory:

Jewellery
 b - an uncursed amulet of stasis
 d - a ring of invisibility (left paw)
 f - an amulet of resist corrosion (around neck)
Scrolls
 h - 4 scrolls of identify
 k - 4 scrolls of remove curse
Potions
 i - a potion of curing
 j - 2 potions of restore abilities
 m - a potion of flight
Comestibles
 a - 4 chunks of flesh
 c - 4 meat rations
 g - a royal jelly
 l - 2 slices of pizza


   Skills:
 - Level 3.0 Fighting
 - Level 3.2 Dodging
 + Level 2.0 Stealth
 * Level 5.1 Unarmed Combat


You had 2 spell levels left.
You didn't know any spells.

Dungeon Overview and Level Annotations

Branches:
Dungeon (4/15)             Temple (0/1) D:4

Altars:

Annotations:
D:4 Menkaure


Innate Abilities, Weirdness & Mutations

You cannot wear armour.
You are incapable of wielding weapons or throwing items.
You have razor-sharp teeth.
You have supernaturally acute eyesight.
You are carnivorous and can eat meat at any time.
You cover ground quickly.
You are covered in fur (AC +1).
You have a slow metabolism.
Your paws have sharp claws that are effective at stabbing.
You possess an exceptional clarity of mind.
Your magical capacity is low (-10% MP).


Message History

An orc comes into view. It is wielding an enchanted dagger.
The orc moves out of view.
An iguana comes into view.
You hear Xom's maniacal laughter.
Your eyebrows wriggle.
You are now a toy of Xom.
The iguana hisses angrily.
You claw the hobgoblin!
You kill the hobgoblin!
You scratch Menkaure. Your claw misses Menkaure. You bite Menkaure.
Menkaure is lightly damaged.
Menkaure casts a spell at you. Pain shoots through your body!
A shower of butterflies erupts from you!
You claw Menkaure!
Menkaure is moderately damaged.
Menkaure hits you!!
Ouch! That really hurt!
You die...
Xom giggles madly!

#.# ####.# #.# #.# ..#
#.# #### # #.# ### .#
#.# ...####.
#.#####.## ####.....
..........#
.......#.##########.<#
.a.....>..laobM@bb...#
....################.#
#... #####


You could see Menkaure, an iguana, a worker ant and an orc wizard.

Vanquished Creatures
  Terence (D:2)
  A giant mite (D:2)
  2 worms (D:2)
  2 giant geckos
  4 orcs
  8 bats
  A bat skeleton (D:4)
  4 giant cockroaches
  6 goblins
  8 hobgoblins
  4 jackals
  6 kobolds
  An ooze (D:2)
  A quokka (D:2)
  A ball python (D:1)
  2 giant newts
  5 rats
57 creatures vanquished.

Vanquished Creatures (collateral kills)
  3 orcs (D:4)
  A bat (D:4)
4 creatures vanquished.

Grand Total: 61 creatures vanquished

Notes
Turn   | Place    | Note
--------------------------------------------------------------
     0 | D:1      | dysrexia, the Felid Chaos Knight, began the quest for the Orb.
     0 | D:1      | Reached XP level 1. HP: 10/10 MP: 2/2
    30 | D:1      | XOM: harmless Summ miscast
   218 | D:1      | XOM: divination: detect creatures
   233 | D:1      | Reached XP level 2. HP: 4/14 MP: 3/3
   695 | D:1      | Reached skill level 4 in Unarmed Combat
   862 | D:2      | Reached XP level 3. HP: 15/17 MP: 5/5
   923 | D:2      | XOM: smoke on damage
  1217 | D:2      | Noticed Terence
  1223 | D:2      | XOM: confuse monster(s)
  1238 | D:2      | Killed Terence
  1609 | D:2      | XOM: butterfly on damage
  1611 | D:2      | Reached skill level 1 in Stealth
  1611 | D:2      | Reached XP level 4. HP: 14/21 MP: 7/7
  1639 | D:2      | XOM: polymorph goblin -> hobgoblin
  1786 | D:2      | XOM: divination: detect creatures
  2033 | D:3      | XOM: smoke on damage
  2236 | D:3      | XOM: 1-stop teleportation journey
  2312 | D:3      | Reached skill level 5 in Unarmed Combat
  2432 | D:3      | XOM is BORED!
  2432 | D:3      | XOM: noise
  2472 | D:3      | Gained mutation: Your magical capacity is low (-10% MP). [potion of mutation]
  2472 | D:3      | Gained mutation: You possess an exceptional clarity of mind. [potion of mutation]
  2512 | D:4      | XOM: summons 4 friendly demons
  2570 | D:4      | Killed from afar by an orc wizard
  2571 | D:4      | Reached XP level 3. HP: -5/17 MP: 4/4
  2591 | D:4      | Found a staircase to the Ecumenical Temple.
  2595 | D:4      | Noticed Menkaure
  2596 | D:4      | XOM: chaos upgrade
  2611 | D:4      | XOM: silly message
  2613 | D:4      | XOM: butterfly on damage
  2614 | D:4      | Mangled by Menkaure

Action                   |  1- 3 |  4- 6 || total
-------------------------+-------+-------++-------
Melee: Unarmed           |   122 |    47 ||   169
  Use: Scroll            |       |    10 ||    10
       Potion            |       |     3 ||     3
 Stab: Sleeping          |       |     2 ||     2
       Distracted        |       |     1 ||     1
  Eat: Chunk             |     7 |     3 ||    10
